 Dungeon Crawl Stone Soup version 0.31-a0-640-g39d97e502b (webtiles) character file.

Game seed: 1784460703863128902

764 rvierbuc the Ducker (level 7, -2/55 HPs)
             Began as a Demonspawn Gladiator on Aug 28, 2023.
             Slain by an orc priest
             ... wielding a +0 hand axe
              (6 damage)
             ... on level 5 of the Dungeon on Aug 29, 2023.
             The game lasted 00:08:24 (3446 turns).

rvierbuc the Ducker (Demonspawn Gladiator)          Turns: 3446, Time: 00:08:26

Health: -2/55      AC: 11    Str: 16    XL:     7   Next: 51%
Magic:  7/7        EV:  5    Int:  9    God:
Gold:   246        SH:  0    Dex: 15    Spells: 6/6 levels left

rFire   . . .        a - +0 war axe
rCold   . . .        (no shield)
rNeg    . . .        h - +0 plate armour
rPois   .            c - +0 helmet
rElec   .            (no cloak)
rCorr   .            (no gloves)
SInv    .            (no boots)
Will    .....        i - amulet of the acrobat Stlth
                     (no ring)
HPRegen 0.29/turn    (no ring)
MPRegen 0.10/turn

%: acrobat
@: no status effects
A: hooves 1, spiny 1, demonic magic 1
a: no special abilities


You were on level 5 of the Dungeon.
You visited 1 branch of the dungeon, and saw 5 of its levels.

You collected 246 gold pieces.

Inventory:

Hand Weapons
 a - a +0 war axe (weapon)
Missiles
 d - 3 throwing nets (quivered)
 e - a javelin
Armour
 b - a +0 leather armour
 c - a +0 helmet (worn)
 h - a +0 plate armour (worn)
 p - a scarf of invisibility
Jewellery
 i - an amulet of the acrobat (around neck)
 n - a ring of willpower
 y - a +6 ring of dexterity
Scrolls
 f - a scroll of blinking {unknown}
 k - a scroll of enchant armour {unknown}
 l - a scroll of immolation {unknown}
 o - 3 scrolls of teleportation {unknown}
 q - a scroll of silence {unknown}
 r - 2 scrolls of fog {unknown}
 u - a scroll of torment {unknown}
 x - a scroll of identify {unknown}
Potions
 g - a potion of heal wounds
 j - a potion of ambrosia
 m - a potion of berserk rage {unknown}
 s - a potion of might {unknown}
 t - a potion of cancellation {unknown}
 v - 2 potions of curing {unknown}
 w - a potion of resistance {unknown}


   Skills:
 + Level 4.5 Fighting
 + Level 4.6 Axes
 + Level 4.1 Throwing
 + Level 4.6 Dodging


You had 6 spell levels left.
You didn't know any spells.
Your spell library contained the following spells:

 Spells                   Type           Power      Damage    Failure   Level
 Magic Dart               Conj           0%         1d3       100%        1
 Blink                    Tloc           0%         N/A       100%        2
 Cigotuvi's Dreadful Rot  Necr/Pois/Air  0%         N/A       100%        2
 Lesser Beckoning         Tloc           0%         N/A       100%        2
 Momentum Strike          Conj/Tloc      0%         3d8       100%        2
 Searing Ray              Conj           0%         2d4       100%        2
 Dispel Undead            Necr           0%         3d6       100%        4
 Fulminant Prism          Conj/Hex       0%         3d5       100%        4
 Death Channel            Necr           0%         N/A       100%        6


Dungeon Overview and Level Annotations

Branches:
Dungeon (5/15)             Temple (0/1) D:5

Altars:


Innate Abilities, Weirdness & Mutations

You have large cloven feet.
You are partially covered in sharp spines.
Spells you cast may paralyse adjacent enemies.


Message History

The ogre completely misses you.
The orc priest moves out of view.
You hit the ogre.
The ogre is lightly wounded.
The orc priest mumbles some strange prayers to Beogh against you.
Beogh smites you! The ogre is struck by your spines.
The ogre hits you with a +0 giant club!!
You are too injured to fight recklessly!
You are too injured to fight recklessly!
You are too injured to fight recklessly!
You are too injured to fight recklessly!
Sorry, you're not good enough to have a special ability.
You barely miss the ogre. You kick the ogre.
The ogre is heavily wounded.
An orc comes into view.
It is wielding a +0 dagger and wearing a +2 ring mail of cold resistance.
You slash the ogre!
The ogre is almost dead.
The ogre hits you with a +0 giant club!
The orc priest looks encouraged for a moment.
You barely miss the ogre. You kick the ogre.
The ogre is almost dead.
The ogre is struck by your spines.
You kill the ogre!
You hit the orc priest but do no damage.
Your kick misses the orc priest.
The orc priest mumbles some strange prayers to Beogh against you.
Beogh smites you!
* * * LOW HITPOINT WARNING * * *
The orc priest misses you.
The orc priest calls down the wrath of Beogh upon you.
Pain shoots through your body!
* * * LOW HITPOINT WARNING * * *
Things that are here:
a +0 giant club; an ogre corpse You slash the orc priest!
Your kick misses the orc priest.
The orc priest is severely wounded.
You hit the orc priest but do no damage.
The orc priest barely misses you.
The orc priest hits you but does no damage.
The orc priest hits you with a +0 hand axe.
You die...

################
...............#
######.######.#
## ##...## #.#
.. #.....#
#.##.### ##...##
#o@oo..# ##.##
####.#.# #.# #
#.# ##'##
##...##
##.....## #
##.......#
####.........#


You could see 2 orc priests and an orc.

Vanquished Creatures
  A water moccasin (D:5)
  An ice beast (D:5)
  A black bear (D:4)
  An ogre (D:5)
  A phantom (D:5)
  A jelly (D:4)
  A sleepcap (D:4)
  2 iguanas
  An orc wizard (D:4)
  8 adders
  A shadow imp (D:3)
  2 worms
  4 dart slugs
  9 orcs
  5 ball pythons
  4 bats
  6 endoplasms
  9 giant cockroaches
  6 goblins
  8 hobgoblins
  2 jackals (D:3)
  6 kobolds
  2 quokkas
  8 frilled lizards
  4 rats
94 creatures vanquished.

Notes
Turn   | Place    | Note
-------+----------+-------------------------------------------
     0 | D:1      | rvierbuc the Demonspawn Gladiator began the quest for the
                  | Orb.
     0 | D:1      | Reached XP level 1. HP: 16/16 MP: 1/1
   204 | D:1      | Gained mutation: You are partially covered in sharp spines.
                  | [demonic ancestry]
   204 | D:1      | Reached XP level 2. HP: 21/22 MP: 2/2
   695 | D:2      | Gained mutation: You have large cloven feet. [demonic
                  | ancestry]
   695 | D:2      | Reached XP level 3. HP: 27/28 MP: 3/3
  1276 | D:3      | Reached XP level 4. HP: 34/34 MP: 4/4
  1468 | D:3      | Found a faded altar of an unknown god.
  1838 | D:4      | Reached XP level 5. HP: 36/41 MP: 5/5
  2368 | D:4      | Noticed a black bear
  2372 | D:4      | Killed a black bear
  2373 | D:4      | Gained mutation: Spells you cast may paralyse adjacent
                  | enemies. [demonic ancestry]
  2373 | D:4      | Reached XP level 6. HP: 39/48 MP: 6/6
  2747 | D:5      | Entered Level 5 of the Dungeon
  2872 | D:5      | Noticed a water moccasin
  2881 | D:5      | Killed a water moccasin
  3121 | D:5      | Noticed an ice beast
  3129 | D:5      | Killed an ice beast
  3130 | D:5      | Reached XP level 7. HP: 54/54 MP: 7/7
  3274 | D:5      | Found a staircase to the Ecumenical Temple.
  3446 | D:5      | Slain by an orc priest

Illustrated notes

Levels and vault maps discovered:
D:1:      dpeg_arrival_tiny_i, layout_basic
D:2:      layout_basic
D:3:      layout_rooms, hellmonk_ecumenical_altar_zigzags
D:4:      layout_basic, kennysheep_generic_room_13
D:5:      layout_loops_corners, minmay_temple_entry_statues_pillars

Skill      XL: |  1  2  3  4  5  6  7 |
---------------+----------------------+-----
Throwing       | 2 3 4 |  4.1
Axes           | 3 4 |  4.6
Dodging        | 3 4 |  4.6
Fighting       | 3 4 |  4.5

Action                     |  1- 3 |  4- 6 |  7- 9 || total
---------------------------+-------+-------+-------++-------
  Melee: War axe           |    75 |   106 |    18 ||   199
         Kick              |     6 |    24 |     6 ||    36
         Punch             |       |     1 |       ||     1
    Use: Potion            |       |     3 |       ||     3
 Armour: Leather armour    |    14 |       |       ||    14
         Plate armour      |    28 |    71 |     8 ||   107
  Dodge: Dodged            |    42 |    35 |     4 ||    81

Table legend: (Time is in decaauts)
 A = Elapsed time spent in this place.
 B = Non-inter-level travel time spent in this place.
 C = Inter-level travel time spent in this place.
 D = Time resting spent in this place.
 E = Time spent auto-exploring this place.
 F = Levels seen in this place.
 G = Mean time per level.
                   A        B        C        D        E       F      G
               +--------+--------+--------+--------+--------+-----+--------+
         Total |   3510 |   3369 |    141 |    317 |   2470 |   5 |  702.0 |
       Dungeon |   3510 |   3369 |    141 |    317 |   2470 |   5 |  702.0 |
               +--------+--------+--------+--------+--------+-----+--------+

Top non-repeatable levels by time:
     D:4: 934 daAuts
     D:5: 707 daAuts
     D:1: 660 daAuts
     D:2: 635 daAuts
     D:3: 571 daAuts
